 Dungeon Crawl Stone Soup version 0.21-a0-113-g6841d05 (webtiles) character file.

58 Ordine the Conjurer (level 4, -6/24 HPs)
             Began as a Tengu Wizard on July 12, 2017.
             Mangled by a worker ant (8 damage)
             ... on level 3 of the Dungeon.
             The game lasted 00:03:17 (1938 turns).

Ordine the Conjurer (Tengu Wizard)                  Turns: 1938, Time: 00:03:17

Health: -6/24      AC:  3    Str:  8    XL:     4   Next: 2%
Magic:  3/9        EV: 12    Int: 19    God:
Gold:   145        SH:  0    Dex: 12    Spells: 6/9 levels left

rFire    . . .     SeeInvis .   i - +1 spear
rCold    . . .     Gourm    .   (no shield)
rNeg     . . .     Faith    .   a - +0 robe
rPois    .         Spirit   .   b - +0 hat
rElec    .         Reflect  .   (no cloak)
rCorr    .         Harm     .   m - +0 pair of gloves
MR       .....                  (boots unavailable)
Stlth    ++........             (no amulet)
HPRegen  0.08/turn              (no ring)
MPRegen  0.11/turn              (no ring)

@: very slightly contaminated
A: beak, talons 3
a: no special abilities


You were on level 3 of the Dungeon.
You were very hungry.

You visited 1 branch of the dungeon, and saw 3 of its levels.

You collected 145 gold pieces.

Inventory:

Hand Weapons
 i - a +1 spear (weapon)
Armour
 a - a +0 robe (worn)
 b - a +0 hat (worn)
 h - a +0 leather armour
 m - a +0 pair of gloves (worn)
Potions
 e - a potion of curing
 j - a potion of invisibility
 n - a potion of cancellation
Books
 c - a book of Minor Magic

   Spells                             Type                      Level
   a - Magic Dart                     Conjuration                  1
   b - Blink                          Translocation                2
   c - Call Imp                       Summoning                    2
   d - Slow                           Hexes                        2
   e - Conjure Flame                  Conjuration/Fire             3
   f - Mephitic Cloud                 Conjuration/Poison/Air       3
Comestibles
 d - a bread ration
 g - 2 royal jellies
 k - 2 fruits
 l - a meat ration


   Skills:
 - Level 2.1 Dodging
 + Level 2.8 Stealth
 + Level 3.2 Spellcasting
 * Level 3.6 Conjurations
   Level 1.2 Summonings
 + Level 1.0 Translocations


You had 6 spell levels left.
You knew the following spells:

 Your Spells              Type           Power        Failure   Level  Hunger
a - Magic Dart            Conj           ###.         3%          1    None
b - Blink                 Tloc           N/A          16%         2    ##.....


Dungeon Overview and Level Annotations

Branches:
Dungeon (3/15)

Altars:
Cheibriados


Innate Abilities, Weirdness & Mutations

You have a beak for a mouth.
You have claws for feet.


Message History

Confirm with . or Enter, or press ? or * to list all spells.
Aiming: Magic Dart
Press: ? - help, Shift-Dir - straight line, f/p - worker ant
Aim: a worker ant (moderately wounded)
The magic dart hits the worker ant.
The worker ant is heavily wounded.
* * * LOW HITPOINT WARNING * * *
You feel sick. The worker ant barely misses you.
It was a potion of curing.
You feel better. The worker ant bites you!
* * * LOW HITPOINT WARNING * * *
The worker ant closely misses you.
Casting: Magic Dart
Confirm with . or Enter, or press ? or * to list all spells.
Aiming: Magic Dart
Press: ? - help, Shift-Dir - straight line, f/p - worker ant
Aim: a worker ant (heavily wounded)
The magic dart hits the worker ant.
The worker ant is severely wounded.
The worker ant bites you!
You die...

#..## #.##....##.
#..#.. #.###.#.##.
..#.# #.......##.
....
####.......... ...
....#####.### #.#
#..##.(..#
#.#####..##.##.#
#....##........#
##@##.##........#
##..aK....#.....##
##.###..##.#.....#
#.## ##.##.#.....#
#.# #.##.#######
#.## ##.##.#
##.###.....#
###...############
#......# #......#


You could see a worker ant and a kobold.

Vanquished Creatures
  2 adders (D:2)
  An ooze (D:1)
  A dart slug (D:1)
  A leopard gecko (D:2)
  2 orcs (D:2)
  5 giant cockroaches
  A goblin (D:2)
  3 jackals (D:2)
  6 bats (D:1)
  2 frilled lizards (D:1)
  2 kobolds
  5 rats
31 creatures vanquished.

Notes
Turn   | Place    | Note
-------+----------+-------------------------------------------
     0 | D:1      | Ordine the Tengu Wizard began the quest for the Orb.
     0 | D:1      | Reached XP level 1. HP: 10/10 MP: 5/5
   256 | D:1      | Reached XP level 2. HP: 15/15 MP: 1/7
   285 | D:1      | Learned a level 2 spell: Blink
   564 | D:1      | Reached XP level 3. HP: 19/19 MP: 0/8
   937 | D:2      | Found a snail-covered altar of Cheibriados.
   944 | D:2      | Reached skill level 1 in Translocations
  1663 | D:2      | Reached XP level 4. HP: 8/24 MP: 0/9
  1938 | D:3      | Mangled by a worker ant

Vault maps used:
D:1:      minmay_arrival_wavy_path, serial_bayou_pond_b, wad_floor_pattern_2,
          minmay_unequal
D:2:      nicolae_overflow_crystal_walls

Skill      XL: |  1  2  3 |
---------------+----------+-----
Conjurations   | 2 3 |  3.6
Translocations | 1 |  1.0
Dodging        | |  2.1
Stealth        | |  2.8
Spellcasting   | |  3.2
Summonings     | |  1.2

Action                   |  1- 3 |  4- 6 || total
-------------------------+-------+-------++-------
Melee: Spear             |    25 |       ||    25
       Peck              |     4 |       ||     4
       Kick              |     3 |       ||     3
 Cast: Magic Dart        |    68 |     8 ||    76
  Use: Scroll            |     8 |       ||     8
       Potion            |       |     1 ||     1
  Eat: Chunk             |     1 |       ||     1
       Fruit             |       |     1 ||     1
Armor: Robe              |     6 |       ||     6
Dodge: Dodged            |    34 |     8 ||    42
